 Dungeon Crawl Stone Soup version 0.29.0-4-gdea44cf6ec (webtiles) character file.

Game seed: 4321640178244483075

77 qw the Chopper (level 4, -2/26 HPs)
             Began as a Tengu Warper on Aug 28, 2022.
             Slain by Ijyb
             ... wielding a +4 club
              (7 damage)
             ... on level 4 of the Dungeon.
             The game lasted 00:00:13 (2616 turns).

qw the Chopper (Tengu Warper)                       Turns: 2616, Time: 00:00:14

Health: -2/26      AC: 13    Str: 13    XL:     4   Next: 33%
Magic:  8/8        EV:  4    Int: 13    God:
Gold:   196        SH:  0    Dex: 20    Spells: 7/7 levels left

rFire   . . .      SeeInvis .   Y - +1 hand axe (elec)
rCold   . . .      Faith    .   (no shield)
rNeg    . . .      Spirit   .   j - +0 plate armour
rPois   +          Reflect  .   (helmet restricted)
rElec   .          Harm     .   c - +0 cloak
rCorr   .          Rampage  .   a - +0 pair of gloves
Will    .....                   (boots unavailable)
Stlth   ..........              (no amulet)
HPRegen 0.08/turn               f - +6 ring of dexterity
MPRegen 0.11/turn               (no ring)

@: no status effects
A: beak, talons 3, poison resistance
a: no special abilities


You were on level 4 of the Dungeon.
You visited 1 branch of the dungeon, and saw 4 of its levels.

You collected 196 gold pieces.


Innate Abilities, Weirdness & Mutations

You have a beak for a mouth.
You have claws for feet.
Your system is resistant to poisons. (rPois)


   Skills:
 - Level 2.0 Fighting
 + Level 4.5 Axes
 - Level 1.0 Throwing
 - Level 2.0 Armour
 - Level 2.1 Dodging
 - Level 2.0 Spellcasting
 - Level 2.4 Translocations


You had 7 spell levels left.
You didn't know any spells.
Your spell library contained the following spells:

 Spells                   Type           Power      Damage    Failure   Level
 Blink                    Tloc           14%        N/A       100%        2
 Gell's Gravitas          Tloc           7%         N/A       100%        3
 Lesser Beckoning         Tloc           7%         N/A       100%        3
 Teleport Other           Tloc           7%         N/A       100%        3
 Manifold Assault         Tloc           7%         N/A       100%        5

Inventory:

Hand Weapons
 g - a +0 whip
 Y - a +1 hand axe of electrocution (weapon)
Missiles
 k - 6 boomerangs (quivered)
Armour
 a - a +0 pair of gloves (worn)
 c - a +0 cloak (worn)
 j - a +0 plate armour (worn)
Jewellery
 f - a +6 ring of dexterity (left hand)
Potions
 b - 2 potions of curing
 d - 2 potions of mutation
 e - a potion of heal wounds {unknown}
 h - a potion of lignification {unknown}
 i - a potion of magic {unknown}
 l - a potion of degeneration {unknown}
 m - a potion of attraction {unknown}

Dungeon Overview and Level Annotations

Branches:
Dungeon (4/15)
 Temple: D:4-7

Altars:

Annotations:
D:4 Ijyb


Message History

2601 ||| Stepping ~*~*~tactically~*~*~ (hiding).
You start waiting.
Ijyb is nearby!
Ijyb zaps a wand.
The bolt of dispelling energy misses you.
You closely miss Ijyb. You claw Ijyb. Your peck misses Ijyb.
Ijyb is lightly wounded.
Ijyb hits you but does no damage.
You barely miss Ijyb. Your peck misses Ijyb.
Ijyb is lightly wounded.
Ijyb barely misses you.
You hit Ijyb but do no damage. Your peck misses Ijyb.
Ijyb is lightly wounded.
Ijyb hits you but does no damage.
You completely miss Ijyb. You claw Ijyb.
Ijyb is lightly wounded.
Ijyb hits you with a +4 club!
You hit Ijyb. Your kick misses Ijyb.
Ijyb is moderately wounded.
Ijyb zaps a wand.
The bolt of dispelling energy hits you.
You hit Ijyb but do no damage. Your kick misses Ijyb.
Ijyb is moderately wounded.
Ijyb hits you with a +4 club!
You closely miss Ijyb.
Ijyb is moderately wounded.
Ijyb hits you with a +4 club.
You hit Ijyb but do no damage.
Ijyb is moderately wounded.
Ijyb hits you but does no damage.
You hit Ijyb but do no damage. You claw Ijyb, but do no damage.
Ijyb is moderately wounded.
Ijyb hits you but does no damage.
You hit Ijyb but do no damage.
Ijyb is moderately wounded.
Ijyb screams, "Me stronger than you!" Ijyb hits you but does no damage.
You hit Ijyb but do no damage. Your kick misses Ijyb.
Ijyb is moderately wounded.
Ijyb hits you with a +4 club!
You die...

##. #. #.# #. ##.
#. #.......# ## #.
#.......#### #.
#.......##.. #.
#.......##.#
#g######....... #.#
#.@...####...####.#
#####.##.>.....##.#
#.##..........#
#.##.(#.#..####
#.....#.#..#
####..#.#..#
#..#.#..# #.......#
####.####


You could see Ijyb.

Vanquished Creatures
  2 adders (D:2)
  A worm (D:3)
  A dart slug (D:1)
  5 orcs (D:3)
  2 bats
  4 endoplasms
  2 giant cockroaches
  4 goblins
  3 hobgoblins
  6 kobolds
  3 quokkas
  5 ball pythons
  2 frilled lizards (D:3)
  6 rats
46 creatures vanquished.

Notes
Turn   | Place    | Note
-------+----------+-------------------------------------------
     0 | D:1      | qw the Tengu Warper began the quest for the Orb.
     0 | D:1      | Reached XP level 1. HP: 12/12 MP: 4/4
     0 | D:1      | 0 ||| qw: Version: 0.1-a-89-g26bdef1
     0 | D:1      | 0 ||| qw: Game counter: 205
     0 | D:1      | 0 ||| qw: Always use a shield: true
     0 | D:1      | 0 ||| qw: God list: Okawaru
     0 | D:1      | 0 ||| qw: Allow faded altars: false
     0 | D:1      | 0 ||| qw: Do Orc after D:15 true
     0 | D:1      | 0 ||| qw: Do second Lair branch before Depths: true
     0 | D:1      | 0 ||| qw: Lair rune preference: random
     0 | D:1      | 0 ||| qw: Plans: Normal
     0 | D:1      | 0 ||| PLANNING D:1-11
    23 | D:1      | 23 ||| SWAPPING to +1 hand axe of electrocution.
    24 | D:1      | 24 ||| DROPPING +0 hand axe.
   159 | D:1      | Found a faded altar of an unknown god.
   165 | D:1      | Reached XP level 2. HP: 17/17 MP: 6/6
   188 | D:1      | Reached skill level 3 in Axes
   857 | D:1      | 857 ||| UPGRADING to +3 ring mail.
   867 | D:1      | 867 ||| DROPPING +0 leather armour.
   868 | D:1      | 868 ||| UPGRADING to +0 plate armour.
   878 | D:1      | 878 ||| DROPPING +3 ring mail.
   879 | D:1      | 879 ||| DROPPING scroll of blinking.
   900 | D:2      | 900 ||| STAIRDANCE
   907 | D:2      | 907 ||| STAIRDANCE
   966 | D:2      | 966 ||| Stepping ~*~*~tactically~*~*~ (stealth).
  1095 | D:2      | Reached XP level 3. HP: 21/21 MP: 7/7
  1243 | D:2      | Reached skill level 4 in Axes
  1504 | D:2      | 1504 ||| READING scroll labelled QECVOLO YTTU.
  1505 | D:2      | 1505 ||| DRINKING 2 puce potions.
  1506 | D:2      | 1506 ||| DRINKING 2 brown potions.
  1506 | D:2      | Gained mutation: Your system is resistant to poisons.
                  | (rPois) [potion of mutation]
  1539 | D:3      | 1539 ||| Stepping ~*~*~tactically~*~*~ (stealth).
  1581 | D:3      | Reached XP level 4. HP: 14/26 MP: 8/8
  1884 | D:3      | 1884 ||| Stepping ~*~*~tactically~*~*~ (stealth).
  2478 | D:3      | 2478 ||| UPGRADING to +0 pair of gloves.
  2483 | D:3      | 2483 ||| UPGRADING to +0 cloak.
  2488 | D:3      | 2488 ||| UPGRADING to +6 ring of dexterity.
  2519 | D:3      | 2519 ||| READING scroll labelled BOTERY CITIEPIELO.
  2538 | D:4      | 2538 ||| PLANNING SEWER
  2600 | D:4      | Noticed Ijyb
  2601 | D:4      | 2601 ||| Stepping ~*~*~tactically~*~*~ (hiding).
  2612 | D:4      | HP: 5/26 [Ijyb/+4 club (4)]
  2616 | D:4      | Slain by Ijyb

Levels and vault maps discovered:
D:1:      dpeg_arrival_ternary, layout_loops_ring,
          hellmonk_ecumenical_altar_heavens_door, minmay_tree_intersection,
          minmay_misc_feat_roman
D:2:      layout_rooms
D:3:      layout_loops_cross, grunt_decor_arrowhead,
          wander_ebering_terrifying_dragon_lair
D:4:      layout_loops_cross, portal_sewer_entry_b, uniq_ijyb

Skill      XL: |  1  2  3 |
---------------+----------+-----
Axes           | 3 4 |  4.5
Armour         | 2 |  2.0
Fighting       | |  2.0
Throwing       | |  1.0
Dodging        | |  2.1
Spellcasting   | |  2.0
Translocations | |  2.4

Action                   |  1- 3 |  4- 6 || total
-------------------------+-------+-------++-------
Melee: Hand axe          |    64 |    41 ||   105
       Peck              |    13 |     3 ||    16
       Kick              |    10 |     9 ||    19
Throw: Boomerang         |     7 |     7 ||    14
  Use: Potion            |     2 |       ||     2
       Scroll            |     1 |     1 ||     2
Armor: Leather armour    |     4 |       ||     4
       Plate armour      |    29 |    25 ||    54
Dodge: Dodged            |    16 |     5 ||    21

Table legend:
 A = Non-vault XP
 B = Vault XP
 C = Vault XP percentage of total XP
 D = Non-vault monster count
 E = Vault monster count
 F = Vault count percentage of total count
                 A         B        C        D         E       F
            +---------+---------+-------+---------+---------+-------
      Total |     109 |       1 |   0.9 |      45 |       1 |   2.2
            +---------+---------+-------+---------+---------+-------
        D:1 |      26 |       0 |   0.0 |      15 |       0 |   0.0
        D:2 |      40 |       0 |   0.0 |      11 |       0 |   0.0
        D:3 |      41 |       1 |   2.4 |      18 |       1 |   5.3
        D:4 |       2 |       0 |   0.0 |       1 |       0 |   0.0
            +---------+---------+-------+---------+---------+-------
